 Dungeon Crawl Stone Soup version 0.29-a0-902-g0f71de6fce (webtiles) character file.

Game seed: 16036098942353351604

57751 ShutUppercut the Fighter (level 14, 139/150 HPs)
             Began as a Troll Fighter on Dec 9, 2020.
             Was a High Priest of Nemelex Xobeh.
             Quit the game on level 12 of the Dungeon on Dec 4, 2023.
             The game lasted 00:42:18 (18970 turns).

ShutUppercut the Fighter (Troll Fighter)           Turns: 18970, Time: 00:42:18

Health: 139/150    AC: 20    Str: 28    XL:     14   Next: 46%
Magic:  17/20      EV: 15    Int:  3    God:    Nemelex Xobeh [*****.]
Gold:   1159       SH:  0    Dex:  9    Spells: 13/13 levels left

rFire   + + .      SeeInvis .     - Unarmed
rCold   x . .      Faith    +   (no shield)
rNeg    + + .      Spirit   .   Q - +4 fire dragon scales "Trusted Companion" {Contam Rampage rF++ rC- Will+++ Dex-3}
rPois   +          Reflect  .   E - +1 hat
rElec   .          Harm     .   V - +2 ratskin cloak {*Rats rPois rN+ Str-1 Int-1 Dex+1}
rCorr   .          Rampage  +   (gloves unavailable)
Will    ++++.                   (boots unavailable)
Stlth   ..........              p - amulet of faith
HPRegen 1.15/turn               i - +4 ring of evasion
MPRegen 0.17/turn               N - ring of positive energy

@: no status effects
A: large, unfitting armour, claws 3, regeneration 1, shaggy fur 1, tough skin 3
a: Renounce Religion, Draw Escape, Draw Destruction, Draw Summoning, Triple
Draw, Deal Four, Stack Five


You were on level 12 of the Dungeon.
You worshipped Nemelex Xobeh.
Nemelex Xobeh was extremely pleased with you.
You visited 3 branches of the dungeon, and saw 19 of its levels.
You also visited: Ice Cave.

You collected 1285 gold pieces.
You spent 126 gold pieces at shops.

Inventory:

Armour
 a - a +1 cloak
 b - a +0 kite shield
 x - +0 swamp dragon scales
 E - a +1 hat (worn)
 Q - the +4 fire dragon scales "Trusted Companion" (worn) {Contam Rampage rF++ rC- Will+++ Dex-3}
   (You found it in an ice cave)

   Dex:       It affects your dexterity (-3).
   rF:        It greatly protects you from fire.
   rC:        It makes you vulnerable to cold.
   Contam:    It causes magical contamination when unequipped.
   Rampage:   It bestows one free step when moving towards enemies.
   Will:      It greatly increases your willpower.
 V - the +2 ratskin cloak (worn) {*Rats rPois rN+ Str-1 Int-1 Dex+1}
   (You found it on level 6 of the Lair of Beasts)

   When the wearer is hurt, rats may emerge from it to assist them.
   Str:       It affects your strength (-1).
   Int:       It affects your intelligence (-1).
   Dex:       It affects your dexterity (+1).
   rPois:     It protects you from poison.
   rN:        It protects you from negative energy.
Jewellery
 i - a +4 ring of evasion (left claw)
 k - an amulet of guardian spirit
 p - an amulet of faith (around neck)
 r - a ring of willpower
 A - an amulet of magic regeneration
 M - an amulet of the acrobat
 N - a ring of positive energy (right claw)
 W - an amulet of reflection {unknown}
Wands
 e - a wand of paralysis (12)
 q - a wand of mindburst (8)
 s - a wand of flame (42)
 y - a wand of acid (18)
 B - a wand of removedness (40)
 C - a wand of polymorph (17)
 H - a wand of iceblast (6)
 T - a wand of digging (2)
Scrolls
 c - 3 scrolls of immolation
 d - 11 scrolls of teleportation
 g - 3 scrolls of magic mapping
 l - 2 scrolls of enchant weapon
 o - 16 scrolls of removedness
 u - 2 scrolls of fog
 v - 5 scrolls of amnesia
 z - 2 scrolls of silence
 D - 5 scrolls of blinking
 F - a scroll of identify
 O - 2 scrolls of holy word
 R - 3 scrolls of fear
 S - a scroll of summoning
Potions
 f - 2 potions of brilliance
 h - 2 potions of curing
 j - 2 potions of cancellation
 m - 3 potions of haste
 n - 4 potions of magic
 t - a potion of flight {unknown}
 w - 6 potions of mutation
 I - a potion of resistance {unknown}
 J - a potion of invisibility {unknown}
 K - 2 potions of ambrosia {unknown}
 P - a potion of attraction {unknown}
 U - 3 potions of heal wounds {unknown}
Miscellaneous
 G - a phantom mirror


   Skills:
 * Level 12.6 Fighting
 + Level 11.7 Dodging
 * Level 7.4 Shields
 - Level 10.1 Unarmed Combat
 * Level 10.6 Invocations


You had 13 spell levels left.
You didn't know any spells.
Your spell library contained the following spells:

 Spells                   Type           Power      Damage    Failure   Level
 Corona                   Hex            0%         N/A       86%         1
 Magic Dart               Conj           0%         1d3       86%         1
 Sandblast                Erth           0%         2d4       86%         1
 Ensorcelled Hibernation  Hex/Ice        0%         N/A       94%         2
 Passwall                 Tmut/Erth      0%         N/A       94%         2
 Searing Ray              Conj           0%         2d4       94%         2
 Confusing Touch          Hex            0%         N/A       99%         3
 Dazzling Flash           Conj/Hex       0%         N/A       99%         3
 Stone Arrow              Conj/Erth      0%         3d7       99%         3
 Tukima's Dance           Hex            0%         N/A       99%         3
 Fulminant Prism          Conj/Hex       0%         3d6       100%        4
 Iskenderun's Mystic Bla  Conj/Tloc      0%         2d3       100%        4
 Petrify                  Tmut/Erth      0%         N/A       100%        4
 Lee's Rapid Deconstruct  Erth           0%         3d5*      100%        5


Dungeon Overview and Level Annotations

Branches:
Dungeon (12/15)            Temple (1/1) D:6            Lair (6/6) D:10
 Shoals (0/4) Lair:2       Spider (0/4) Lair:4        Slime (0/5) Lair:6
    Orc (0/2) D:11          IceCv (visited)

Altars:
Ashenzari
Cheibriados
Dithmenos
Elyvilon
Fedhas
Gozag
Hepliaklqana
Kikubaaqudgha
Makhleb
Nemelex Xobeh
Okawaru
Qazlal
Ru
Sif Muna
Trog
Uskayaw
Vehumet
Wu Jian
Xom
Yredelemnul
Zin
The Shining One

Shops:
D:4 =:x??   D:8 **


Innate Abilities, Weirdness & Mutations

You are too large for most types of armour.
You have claws for hands.
Your natural rate of healing is unusually fast.
You are covered in fur. (AC +1)
You have extremely tough skin. (AC +3)


Message History

The sky beast hits you but does no damage.
You mangle the sky beast!!
The sky beast is almost dead.
The sky beast misses you.
You claw the sky beast!
You kill the sky beast!
The orc wizard points at you and mumbles some strange words.
The magic dart hits you!
You rampage towards the orc wizard!
You enter the shallow water.
Moving in this stuff is going to be slow.
You claw the orc wizard!
The orc wizard is almost dead.
The phantom blinks!
You eviscerate the orc wizard!!!
You kill the orc wizard!
You barely miss the orc warrior. The orc warrior completely misses you.
The orc hits you but does no damage.
You closely miss the orc warrior.
The orc warrior hits you but does no damage.
The orc closely misses you.
Your fire dragon scales "Trusted Companion" prevents you from hitting the orc warrior.
You mangle the orc warrior!!
The orc warrior is severely wounded.
The orc warrior hits you with a +0 battleaxe!
The orc hits you but does no damage.
You scratch the orc warrior. Your claw misses the orc warrior.
The orc warrior is almost dead.
The orc hits you but does no damage.
You mangle the orc warrior!!
You kill the orc warrior!
The orc barely misses you.
Items here: ( )) [[ †.
You scratch the orc.
The orc is almost dead.
The phantom misses you. The orc misses you.
Your Shields skill increases to level 7!
Welcome back, ShutUppercut the Troll Fighter.
Nemelex Xobeh says: It's all in the cards!
Press ? for a list of commands and other information.
Are you sure you want to abandon this character and quit the game? (Confirm with "yes".)

###.#.................
###.#[..................
##.....................(.
#...#..#........#.#......
#...............# #...<..
.....##.....###.........#.
..##. ###.### .........#.
$ # ##)##### .........#
...### #.@o...# .......##
.....# #.W#.............
.#...#. #... .....>###....
#....... ..... #.....#
..### ........ .......
.....# ........ .......
...... ........ ......^
...... ........ .......
..... ).......


You could see a phantom and an orc.

Vanquished Creatures
  Rupert (D:12)
  Gastronok (D:8)
  A fire dragon (Lair:6)
  Josephine (D:12)
  An ice dragon (Lair:4)
  Harold (D:9)
  A boulder beetle (Lair:3)
  A catoblepas (Lair:2)
  3 hydras
  Erica (D:9)
  3 two-headed ogres
  Urug (D:10)
  A glowing orange brain (Lair:6)
  A lindwurm (Lair:6)
  A necromancer (IceCv)
  A harpy (Lair:6)
  2 manticores (Lair:6)
  A moth of wrath (Lair:6)
  7 elephants
  5 black mambas
  2 ice statues (IceCv)
  Maggie (D:6)
  5 rime drakes
  11 cane toads
  12 komodo dragons
  8 ice devils (IceCv)
  2 trolls
  7 polar bears
  A wind drake (Lair:6)
  A meliai (D:8)
  Prince Ribbit (D:9)
  11 blink frogs
  3 hornets (Lair:6)
  A snapping turtle (Lair:2)
  2 wyverns
  4 wraiths
  2 basilisks
  A golden eye (D:8)
  34 yaks
  2 steam dragons
  21 water moccasins
  A swamp drake (D:11)
  10 black bears
  2 ice beasts
  8 orc warriors
  2 sky beasts
  8 necrophages (D:11)
  A tengu (D:8)
  3 phantoms
  6 ogres
  A boggart (Lair:3)
  10 centaurs
  2 kobold brigands (D:4)
  17 bullfrogs
  2 gnoll sergeants
  3 scorpions
  A water moccasin skeleton (D:8)
  14 wights
  4 electric eels
  5 howler monkeys
  2 bullfrog zombies
  2 quasits
  2 centaur zombies
  A draconian simulacrum (IceCv)
  6 orc priests
  5 jellies
  6 hounds
  5 bullfrog skeletons
  A centaur skeleton (D:7)
  Natasha (thrice) (D:4)
  An iguana (D:4)
  16 orc wizards
  A hell rat (Lair:6)
  2 troll simulacra (IceCv)
  7 removed worker ants
  2 spriggan simulacra (IceCv)
  2 killer bee zombies
  A hound skeleton (D:7)
  A mummy (D:11)
  2 removed worker ant zombies
  9 gnolls
  A howler monkey skeleton (D:5)
  18 adders
  2 ogre simulacra (IceCv)
  A shadow imp (D:6)
  A white imp (D:6)
  3 ufetubi
  4 endoplasms
  An adder skeleton (D:5)
  7 worms
  2 dart slugs
  53 orcs
  9 removed leopard geckos
  5 bats
  4 giant cockroaches
  8 goblins
  7 hobgoblins
  11 jackals
  4 quokkas
  2 ball pythons
  5 frilled lizards
  A jackal zombie (D:5)
  13 kobolds
  A quokka zombie (D:5)
  4 rats (D:1)
511 creatures vanquished.

Vanquished Creatures (collateral kills)
  A fire dragon (D:8)
  A boulder beetle (Lair:6)
  A hydra (Lair:5)
  A lindwurm (Lair:5)
  7 elephants
  An ice statue (IceCv)
  A komodo dragon (Lair:6)
  A rime drake (Lair:6)
  2 ice devils (IceCv)
  2 polar bears (Lair:6)
  3 hornets (Lair:6)
  A blink frog (Lair:5)
  5 yaks
  2 wyverns (Lair:6)
  A water moccasin (Lair:6)
  A removed eye of draining (Lair:6)
  A necrophage (D:11)
  A draconian simulacrum (IceCv)
  A centaur skeleton (D:11)
  5 hell rats (Lair:6)
  A centaur simulacrum (D:8)
  2 naga simulacra (IceCv)
42 creatures vanquished.

Vanquished Creatures (others)
  A bullfrog (D:12)
  2 orcs (D:9)
  A ball python (D:11)
  77 fungi
  191 plants
  5 withered plants (D:11)
277 creatures vanquished.

Grand Total: 830 creatures vanquished

Notes
Turn   | Place    | Note
-------+----------+-------------------------------------------
     0 | D:1      | ShutUppercut the Troll Fighter began the quest for the Orb.
     0 | D:1      | Reached XP level 1. HP: 22/22 MP: 0/0
   143 | D:1      | Reached XP level 2. HP: 29/29 MP: 1/1
   606 | D:2      | Reached XP level 3. HP: 30/36 MP: 2/2
   844 | D:2      | Found an ancient bone altar of Kikubaaqudgha.
  1307 | D:3      | Found a glowing golden altar of the Shining One.
  1308 | D:3      | Found a white marble altar of Elyvilon.
  1311 | D:3      | Reached XP level 4. HP: 44/44 MP: 3/3
  1712 | D:3      | Found a shimmering blue altar of Sif Muna.
  1712 | D:3      | Found a sacrificial altar of Ru.
  1944 | D:3      | Reached skill level 5 in Unarmed Combat
  1996 | D:3      | Reached XP level 5. HP: 16/50 MP: 1/4
  2076 | D:3      | Noticed an ogre
  2081 | D:3      | Killed an ogre
  2123 | D:4      | Found Hofocsequ's Jewellery Emporium.
  2139 | D:4      | Reached XP level 6. HP: 53/59 MP: 3/5
  2196 | D:4      | Noticed Natasha
  2200 | D:4      | Killed Natasha
  2283 | D:4      | Found Urripsuc's Book Shoppe.
  2297 | D:4      | Noticed Natasha
  2298 | D:4      | Found Nuoxakh's Gadget Shop.
  2305 | D:4      | Killed Natasha
  2417 | D:4      | Noticed Natasha
  2428 | D:4      | Killed Natasha
  2564 | D:4      | Found Ahash's Magic Scroll Shop.
  2572 | D:4      | Bought a scroll of identify for 28 gold pieces
  2589 | D:4      | Found Deusuk's Magic Scroll Shop.
  2601 | D:4      | Bought a scroll of identify for 26 gold pieces
  2601 | D:4      | Bought a scroll of identify for 26 gold pieces
  2613 | D:4      | Found a stormy altar of Qazlal.
  2702 | D:4      | Reached XP level 7. HP: 66/66 MP: 6/6
  2904 | D:5      | Entered Level 5 of the Dungeon
  3079 | D:5      | Found an iron altar of Okawaru.
  3808 | D:6      | Reached XP level 8. HP: 73/74 MP: 5/7
  3835 | D:6      | Found a staircase to the Ecumenical Temple.
  3859 | Temple   | Entered the Ecumenical Temple
  3896 | Temple   | Became a worshipper of Nemelex Xobeh the Trickster
  3946 | D:6      | Reached skill level 10 in Unarmed Combat
  3981 | D:6      | Noticed Maggie
  3988 | D:6      | Killed Maggie
  3989 | D:6      | Reached skill level 3 in Fighting
  4047 | D:6      | Found a hide-covered altar of Uskayaw.
  4099 | D:6      | Found a shimmering altar of Xom.
  4346 | D:7      | Reached skill level 4 in Fighting
  4446 | D:7      | Reached XP level 9. HP: 82/84 MP: 10/10
  4575 | D:7      | Reached * piety under Nemelex Xobeh
  4587 | D:7      | Received a gift from Nemelex Xobeh
  4619 | D:7      | Reached skill level 5 in Fighting
  4619 | D:7      | Reached skill level 5 in Invocations
  4983 | D:8      | Found Eseoxky's General Store.
  4986 | D:8      | Bought a scroll of identify for 20 gold pieces
  5031 | D:8      | Found a transporter.
  5039 | D:8      | Noticed a two-headed ogre
  5040 | D:8      | Noticed a fire dragon
  5050 | D:8      | Found a transporter.
  5059 | D:8      | Noticed a two-headed ogre
  5069 | D:8      | Killed a two-headed ogre
  5070 | D:8      | Reached skill level 6 in Fighting
  5071 | D:8      | Reached XP level 10. HP: 85/98 MP: 11/13
  5230 | D:8      | Found Baraown's Assorted Antiques.
  5464 | D:8      | Noticed Gastronok
  5476 | D:8      | Killed Gastronok
  5477 | D:8      | Reached skill level 7 in Fighting
  5477 | D:8      | Reached skill level 5 in Dodging
  5725 | D:8      | Reached ** piety under Nemelex Xobeh
  5993 | D:8      | Killed a two-headed ogre
  5994 | D:8      | Killed a fire dragon
  6019 | D:8      | Got a warped gossamer ring
  6058 | D:8      | Identified the ring of the Twelve Gods {rF+ MP+9 Stlth+}
                  | (You found it on level 8 of the Dungeon)
  6130 | D:9      | Reached XP level 11. HP: 104/111 MP: 14/16
  6209 | D:9      | Reached skill level 8 in Fighting
  6320 | D:9      | Noticed Harold
  6339 | D:9      | Killed Harold
  6821 | D:9      | Noticed Erica
  6828 | D:9      | Killed Erica
  6884 | D:9      | Noticed Prince Ribbit
  6895 | D:9      | Killed Prince Ribbit
  7048 | D:10     | Entered Level 10 of the Dungeon
  7146 | D:10     | Received a gift from Nemelex Xobeh
  7146 | D:10     | Noticed Urug
  7167 | D:10     | Killed Urug
  7333 | D:10     | Found a staircase to the Lair.
  7852 | D:11     | Received a gift from Nemelex Xobeh
  7942 | D:11     | Found a roughly hewn altar of Beogh.
  7942 | D:11     | Found a staircase to the Orcish Mines.
  7951 | D:11     | Reached skill level 9 in Fighting
  8131 | D:11     | Noticed a two-headed ogre
  8144 | D:11     | Killed a two-headed ogre
  8492 | D:11     | Reached *** piety under Nemelex Xobeh
  8709 | D:11     | Reached XP level 12. HP: 122/122 MP: 17/17
  8822 | D:11     | Received a gift from Nemelex Xobeh
  8964 | Lair:1   | Entered Level 1 of the Lair of Beasts
  9008 | Lair:1   | HP: 5/122 [komodo dragon (17)]
  9367 | Lair:1   | Reached **** piety under Nemelex Xobeh
  9406 | Lair:1   | Received a gift from Nemelex Xobeh
 10358 | Lair:2   | Received a gift from Nemelex Xobeh
 10386 | Lair:2   | Found a frozen archway.
 10395 | IceCv    | Entered an ice cave
 10518 | IceCv    | Reached ***** piety under Nemelex Xobeh
 10518 | IceCv    | Received a gift from Nemelex Xobeh
 10961 | IceCv    | Reached skill level 10 in Fighting
 11197 | IceCv    | Identified the -2 hand axe "Amuxtama" {vorpal, rN++ Str+4}
 11211 | IceCv    | Reached skill level 5 in Shields
 11679 | IceCv    | Got bronze fire dragon scales
 12073 | D:4      | Bought a scroll of identify for 26 gold pieces
 12073 | D:4      | Identified the +4 fire dragon scales "Trusted Companion"
                  | {*Contam Rampage rF++ rC- Will+++ Dex-3} (You found it in
                  | an ice cave)
 12430 | Lair:2   | Found a staircase to the Shoals.
 12607 | Lair:2   | Received a gift from Nemelex Xobeh
 12734 | Lair:2   | Noticed a catoblepas
 12744 | Lair:2   | Killed a catoblepas
 12745 | Lair:2   | Reached XP level 13. HP: 131/135 MP: 19/19
 13113 | Lair:3   | Received a gift from Nemelex Xobeh
 13669 | Lair:3   | Reached skill level 10 in Dodging
 14127 | Lair:4   | Received a gift from Nemelex Xobeh
 14321 | Lair:4   | Found a hole to the Spider Nest.
 14885 | Lair:4   | Received a gift from Nemelex Xobeh
 15469 | Lair:5   | Reached skill level 11 in Fighting
 15469 | Lair:5   | Reached skill level 10 in Invocations
 15554 | Lair:5   | Received a gift from Nemelex Xobeh
 16351 | Lair:5   | Received a gift from Nemelex Xobeh
 16804 | Lair:6   | Entered Level 6 of the Lair of Beasts
 16930 | Lair:6   | Reached XP level 14. HP: 90/146 MP: 5/20
 17312 | Lair:6   | Paralysed by a hornet for 3 turns
 17343 | Lair:6   | Paralysed by a hornet for 1 turns
 17347 | Lair:6   | Paralysed by a hornet for 2 turns
 17366 | Lair:6   | Reached skill level 12 in Fighting
 17786 | Lair:6   | Found a staircase to the Slime Pits.
 17859 | Lair:6   | Received a gift from Nemelex Xobeh
 17939 | Lair:6   | Found an ancient bone altar of Kikubaaqudgha.
 17990 | Lair:6   | Found the +2 ratskin cloak {*Rats rPois rN+ Str-1 Int-1
                  | Dex+1}
 18113 | Lair:6   | Received a gift from Nemelex Xobeh
 18926 | D:12     | Received a gift from Nemelex Xobeh
 18931 | D:12     | Noticed Rupert
 18932 | D:12     | Noticed Josephine
 18938 | D:12     | Killed Rupert
 18940 | D:12     | Killed Josephine
 18970 | D:12     | Upgraded the game from 0.26-a0-1026-g544776af23 to
                  | 0.29-a0-902-g0f71de6fce
 18970 | D:12     | Quit the game

Illustrated notes

Levels and vault maps discovered:
D:1:      dpeg_arrival_three_same_balls, layout_basic, minmay_misc_feat_tiny,
          kennysheep_decorative_pillar
D:2:      layout_loops_cross, old_standard_altar
D:3:      layout_basic, gammafunk_temple_overflow_statue,
          gammafunk_temple_overflow_pools, minmay_liquid_box, minivault_27
D:4:      cheibrodos_thug_alley, layout_rooms, nicolae_qazlal_eye_of_the_storm,
          serial_shops, shop, kennysheep_little_box, kennysheep_mini, shop,
          shop, uniq_natasha
D:5:      layout_basic, general_overflow_altar, kennysheep_generic_room_6
D:6:      layout_rooms, eat_drink_and_be_merry_uskayaw, marbit_many_paths,
          minmay_temple_entry_ruins, uniq_maggie
D:7:      hangedman_cross_stitches, layout_basic, serial_bayou_crossing
D:8:      gammafunk_sealed_arena, layout_cave_pools, serial_bayou,
          serial_bayou_shore_a, serial_bayou_lagoon_a, serial_bayou_lagoon_b,
          serial_bayou_lake_a, serial_shops, shop, shop, uniq_gastronok
D:9:      layout_loops_ring, lemuel_old_faithful, uniq_prince_ribbit1,
          uniq_erica, uniq_harold
D:10:     layout_roguey, due_lair_maze_entry_diamond, minivault_27, uniq_urug
D:11:     layout_long_grid, david_orc_5, serial_undead, serial_undead_b,
          serial_undead_d, serial_undead_a, serial_undead_d, serial_undead_c,
          serial_undead_f, serial_undead_f, serial_undead_a
D:12:     layout_cave_pools, uniq_josephine, uniq_rupert
Temple:   cyrus_circular_temple
Lair:1:   layout_concentric_octagons, serial_bayou_pond_c, beast_lair_carwin_2
Lair:2:   layout_chaotic_city, minmay_shoals_entry_hut,
          portal_ice_cave_entry_pillars_1, chequers_serial_rivers_small_a,
          lemuel_fruit_fields
Lair:3:   layout_roguey
Lair:4:   layout_layer_cave, dummy_spider_entry, grunt_megastairs_4
Lair:5:   layout_layer_cave
Lair:6:   gammafunk_lair_ancient_temple, layout_cave_shapes, slime_dummy,
          basic_altar, chequers_serial_rivers_small_3, cheibrodos_lair_lostbears

Skill      XL: |  1  2  3  4  5  6  7  8  9 10 11 12 13 14 |
---------------+-------------------------------------------+-----
Unarmed Combat | 3 4 5 6 7 9 10 | 10.1
Fighting       | 4 6 7 9 10 11 12 | 12.6
Invocations    | 3 6 8 9 10 | 10.6
Dodging        | 3 5 7 9 11 | 11.7
Shields        | 4 5 6 7 |  7.4

Action                   |  1- 3 |  4- 6 |  7- 9 | 10-12 | 13-15 || total
-------------------------+-------+-------+-------+-------+-------++-------
Melee: Unarmed           |   105 |   152 |   278 |   794 |   504 ||  1833
       Touch             |       |     4 |     8 |    41 |    28 ||    81
Invok: Draw Destruction  |       |       |     5 |    27 |    15 ||    47
       Draw Summoning    |       |       |       |     5 |    10 ||    15
       Draw Escape       |       |       |       |     2 |     6 ||     8
       Triple Draw       |       |       |       |     1 |       ||     1
       Deal Four         |       |       |       |       |     6 ||     6
Evoke: Wand              |       |       |     1 |     1 |       ||     2
  Use: Potion            |       |     1 |     1 |     3 |     2 ||     7
       Scroll            |       |     7 |     7 |    10 |     7 ||    31
 Stab: Paralysed         |       |       |     3 |       |       ||     3
       Distracted        |       |       |       |       |     1 ||     1
       Petrified         |       |       |       |       |    12 ||    12
       Petrifying        |       |       |       |       |     2 ||     2
Armor: Robe              |    38 |    31 |    37 |       |       ||   106
       Skin              |       |       |     1 |       |       ||     1
       Swamp dragon scal |       |       |    57 |   262 |       ||   319
       Fire dragon scale |       |       |       |    35 |   322 ||   357
Dodge: Dodged            |    66 |   100 |   166 |   617 |   453 ||  1402
Block: Kite shield       |    11 |       |       |       |       ||    11

Table legend: (Time is in decaauts)
 A = Elapsed time spent in this place.
 B = Non-inter-level travel time spent in this place.
 C = Inter-level travel time spent in this place.
 D = Time resting spent in this place.
 E = Time spent auto-exploring this place.
 F = Levels seen in this place.
 G = Mean time per level.
                   A        B        C        D        E       F      G
               +--------+--------+--------+--------+--------+-----+--------+
         Total |  18835 |  17477 |   1358 |   2738 |  11058 |  20 |  941.8 |
       Dungeon |   9584 |   8616 |    968 |    656 |   5806 |  12 |  798.7 |
        Temple |     58 |     49 |      9 |      0 |     47 |   1 |   58.0 |
          Lair |   7809 |   7429 |    380 |   1244 |   5017 |   6 | 1301.5 |
      Ice Cave |   1383 |   1383 |      0 |    838 |    188 |   1 | 1383.0 |
               +--------+--------+--------+--------+--------+-----+--------+

Top non-repeatable levels by time:
  Lair:5: 2002 daAuts
  Lair:1: 1421 daAuts
   IceCv: 1383 daAuts
  Lair:4: 1338 daAuts
     D:8: 1320 daAuts
    D:11: 1124 daAuts
  Lair:6: 1016 daAuts
  Lair:2: 1016 daAuts
  Lair:3: 1012 daAuts
     D:3: 937 daAuts
     D:9: 933 daAuts
    D:10: 892 daAuts
     D:5: 890 daAuts
     D:4: 835 daAuts
     D:7: 715 daAuts
